 Dungeon Crawl Stone Soup version 0.19-a0-1210-g5c1aa26 (webtiles) character file.

3707 Bulldog the Cleaver (level 9, -2/82 HPs)
             Began as a Minotaur Berserker on Aug 22, 2016.
             Was a High Priest of Trog.
             Slain by a hell rat (7 damage)
             ... on level 8 of the Dungeon on Jan 24, 2017.
             The game lasted 00:22:52 (6666 turns).

Bulldog the Cleaver (Minotaur Berserker)            Turns: 6666, Time: 00:22:52

Health: -2/82      AC:  9    Str: 25    XL:     9   Next: 91%
Magic:  8/8        EV:  9    Int:  2    God:    Trog [*****.]
Gold:   334        SH:  0    Dex: 10    Spells: 0 memorised, 8 levels left

rFire  + . .     SeeInvis .     a - +0 hand axe
rCold  . . .     Gourm    .     j - +0 plate armour (curse)
rNeg   + . .     Faith    .     (no shield)
rPois  .         Spirit   .     B - +1 hat
rElec  .         Dismiss  .     (no cloak)
rCorr  .         Reflect  .     (no gloves)
MR     .....     Harm     .     (no boots)
Stlth  ..........               (no amulet)
                                (no ring)
                                m - ring of positive energy

@: drained
A: retaliatory headbutt, hooves 1, horns 2, deformed body, dopey 1, fire
resistance 1, sense surroundings 1, no device heal 1, subdued magic 1
a: Berserk, Trog's Hand, Brothers in Arms, Burn Spellbooks, Renounce Religion


You were on level 8 of the Dungeon.
You worshipped Trog.
Trog was extremely pleased with you.
You were hungry.

You visited 1 branch of the dungeon, and saw 7 of its levels.

You collected 334 gold pieces.

Inventory:

Hand Weapons
 a - a +0 hand axe (weapon)
Missiles
 w - 49 stones
 y - 2 throwing nets (quivered)
Armour
 b - a +0 animal skin
 j - a cursed +0 plate armour (worn)
 B - a +1 hat (worn)
Jewellery
 m - a ring of positive energy (left hand)
Scrolls
 d - 3 scrolls of remove curse {unknown}
 e - 9 scrolls of identify {unknown}
 g - 2 scrolls of recharging {unknown}
 h - a scroll of enchant armour {unknown}
 n - 3 scrolls of teleportation {unknown}
 o - a scroll of random uselessness {unknown}
 p - 2 scrolls of blinking {unknown}
 r - a scroll of immolation {unknown}
 A - a scroll of magic mapping {unknown}
 D - a scroll of amnesia {unknown}
Potions
 i - 4 potions of heal wounds {unknown}
 l - 2 potions of agility {unknown}
 q - a potion of haste {unknown}
 s - a potion of berserk rage {unknown}
 u - 2 potions of lignification {unknown}
 v - 2 potions of cancellation {unknown}
 x - a potion of might {unknown}
 C - 3 potions of degeneration {unknown}
Comestibles
 c - 5 bread rations
 f - 4 fruits
 k - 3 beef jerkies
 t - 2 meat rations
 z - 5 chunks of flesh


   Skills:
 + Level 8.6(8.3) Fighting
 * Level 10.7(10.4) Axes
 - Level 4.6(4.3) Throwing
 - Level 7.2(6.9) Armour
 - Level 6.5(6.2) Dodging


You had 8 spell levels left.
You didn't know any spells.

Dungeon Overview and Level Annotations

Branches:
Dungeon (8/15)             Temple (0/1) D:6            Lair (0/6) D:8

Altars:
Qazlal


Innate Abilities, Weirdness & Mutations

You reflexively headbutt those who attack you in melee.
You have a pair of horns on your head.
You have large cloven feet.
Armour fits poorly on your strangely shaped body.
You are dopey. (Int -2)
Your flesh is heat resistant. (rF+)
You passively map a small area around you.
Potions and wands are less effective at restoring your health.
Your spells are a little easier to cast, but a little less powerful.


Message History

* * * LOW HITPOINT WARNING * * *
You partially resist.
You feel drained. The hell rat barely misses you. You furiously retaliate!
You headbutt the hell rat, but do no damage.
You slash the hell rat!
You kick the hell rat, but do no damage.
The hell rat is severely wounded.
The hell rat bites you.
* * * LOW HITPOINT WARNING * * *
You partially resist.
You feel drained.
You barely miss the hell rat. Your kick misses the hell rat.
You headbutt the hell rat, but do no damage.
The hell rat is severely wounded.
The hell rat bites you!
* * * LOW HITPOINT WARNING * * *
You hit the hell rat but do no damage.
You kick the hell rat, but do no damage.
The hell rat is severely wounded.
The hell rat bites you!
You die...

, , ##....#
..........,.....#
.......... #...(# ,
.........###....#
.>..)...........#### ##
r......$. #........# #.
)..[....####....#### #. ,
, ........#r)..##...# ##
,
........@.#######.#######
#...###.###* #.......# #*
...., #####........
###.## ..#......... , ,
#.# #.#......... * * #.#
#.#......... * #.#
#<.......... ,, ..#
###......... , ##........


You could see a hell rat.

Vanquished Creatures
  The ghost of ig87 the Ruffian, an amateur NaTm (D:4)
  Sigmund (D:5)
  A hippogriff (D:7)
  A basilisk (D:8)
  Menkaure (D:5)
  A porcupine (D:8)
  An orc warrior (D:7)
  A necrophage (D:6)
  2 sky beasts
  2 ogres
  3 centaurs
  2 crocodiles (D:8)
  A big kobold (D:7)
  A giant frog (D:6)
  A gnoll sergeant (D:6)
  2 scorpions
  5 wights (D:7)
  2 crimson imps
  A jelly (D:8)
  3 centaur zombies
  3 hounds (D:7)
  A giant frog skeleton (D:5)
  4 gnoll shamans (D:5)
  2 orc priests
  6 orc wizards
  2 iguanas
  7 worker ants
  A killer bee zombie (D:7)
  A howler monkey skeleton (D:7)
  37 gnolls
  6 adders
  An ooze (D:5)
  An adder skeleton (D:4)
  A worm (D:2)
  3 dart slugs
  A giant gecko (D:7)
  16 orcs
  4 giant cockroaches
  5 goblins
  3 hobgoblins
  27 jackals
  4 quokkas
  A ball python (D:7)
  3 bats
  3 giant newts
  12 kobolds
  A quokka skeleton (D:4)
  A quokka zombie (D:6)
  5 rats
195 creatures vanquished.

Notes
Turn   | Place    | Note
-------+----------+-------------------------------------------
     0 | D:1      | Bulldog the Minotaur Berserker began the quest for the Orb.
     0 | D:1      | Reached XP level 1. HP: 19/19 MP: 0/0
   271 | D:1      | Reached XP level 2. HP: 26/27 MP: 1/1
   585 | D:1      | Reached skill level 4 in Axes
   868 | D:1      | Reached ** piety under Trog
   903 | D:1      | Reached XP level 3. HP: 33/33 MP: 2/2
  1521 | D:2      | You fall through a shaft for 2 floors!
  1529 | D:4      | Reached XP level 4. HP: 40/40 MP: 3/3
  1768 | D:4      | Noticed ig87's ghost (amateur NaTm)
  1799 | D:4      | Killed ig87's ghost
  1799 | D:4      | Reached skill level 5 in Axes
  1799 | D:4      | Reached XP level 5. HP: 47/47 MP: 4/4
  1799 | D:4      | Reached XP level 6. HP: 55/55 MP: 5/5
  1894 | D:4      | Reached skill level 5 in Fighting
  1894 | D:4      | Reached skill level 6 in Axes
  2471 | D:5      | Entered Level 5 of the Dungeon
  2478 | D:5      | Reached XP level 7. HP: 61/61 MP: 6/6
  2598 | D:5      | Reached skill level 7 in Axes
  2864 | D:5      | Reached skill level 1 in Throwing
  2864 | D:5      | Reached skill level 5 in Armour
  2964 | D:5      | Reached *** piety under Trog
  3011 | D:5      | Noticed Menkaure
  3016 | D:5      | Killed Menkaure
  3449 | D:5      | Reached XP level 8. HP: 50/70 MP: 7/7
  3489 | D:5      | Reached skill level 5 in Dodging
  3751 | D:5      | Reached skill level 8 in Axes
  4253 | D:5      | Noticed Sigmund
  4274 | D:5      | Killed Sigmund
  4274 | D:5      | Reached **** piety under Trog
  4867 | D:6      | Reached XP level 9. HP: 76/79 MP: 8/8
  4872 | D:6      | Reached skill level 9 in Axes
  5111 | D:6      | Found a staircase to the Ecumenical Temple.
  5137 | D:6      | Gained mutation: Your spells are a little easier to cast, but a little less powerful. [mutagenic meat]
  5140 | D:6      | Gained mutation: Potions and wands are less effective at restoring your health. [mutagenic meat]
  5143 | D:6      | Gained mutation: You have large cloven feet. [mutagenic meat]
  5146 | D:6      | Gained mutation: You are dopey. (Int -2) [mutagenic meat]
  5585 | D:7      | Gained mutation: Your flesh is heat resistant. (rF+) [mutagenic meat]
  5600 | D:7      | Gained mutation: Armour fits poorly on your strangely shaped body. [mutagenic meat]
  5603 | D:7      | Gained mutation: You passively map a small area around you. [mutagenic meat]
  5651 | D:7      | Found a stormy altar of Qazlal.
  5731 | D:7      | Reached skill level 10 in Axes
  5785 | D:7      | Reached ***** piety under Trog
  6624 | D:8      | Found a staircase to the Lair.
  6666 | D:8      | Slain by a hell rat

Vault maps used:
D:1:      dpeg_arrival_brainrot, minmay_distorted
D:4:      roderic_aztec_sauvastika
D:5:      lemuel_castle_with_subvaults, first_bread, uniq_menkaure, uniq_sigmund
D:7:      nicolae_overflow_crystal_walls
D:8:      gammafunk_temple_overflow_statue, dpeg_lair_monsters, st_stairs_2

Skill      XL: |  1  2  3  4  5  6  7  8  9 |
---------------+----------------------------+-----
Axes           | 4 5 6 7 8 10 | 10.7
Armour         | 3 4 5 6 7 |  7.2
Fighting       | 4 5 6 7 8 |  8.6
Dodging        | 3 4 5 6 |  6.5
Throwing       | 1 3 4 |  4.6

Action                   |  1- 3 |  4- 6 |  7- 9 || total
-------------------------+-------+-------+-------++-------
Melee: Hand axe          |    76 |    65 |   519 ||   660
       Headbutt          |     9 |    12 |   112 ||   133
       Kick              |       |       |    66 ||    66
Invok: Berserk           |     1 |     1 |     3 ||     5
       Burn Spellbooks   |       |       |     1 ||     1
  Use: Potion            |       |       |     1 ||     1
  Eat: Chunk             |     2 |     5 |    26 ||    33
Armor: Animal skin       |    10 |       |       ||    10
       Plate armour      |    14 |    25 |   271 ||   310
Dodge: Dodged            |    37 |    32 |   201 ||   270
